 Dungeon Sprint DCSS version 0.28-a0-1199-gef9e1dbd39 (webtiles) character file.

Game seed: 7226046648240506675

8110 mhtbhm the Fencer (level 11, -4/169 HPs)
             Began as a Minotaur Berserker on Dec 20, 2021.
             Was a High Priest of Trog.
             Slain by a ghost moth (9 damage)
             ... while paralysed by a hornet
             ... in the Dungeon (Sprint IV: "Fedhas' Mad Dash").
             The game lasted 00:06:34 (3079 turns).

mhtbhm the Fencer (Minotaur Berserker)              Turns: 3079, Time: 00:06:34

Health: -4/169     AC:  5    Str: 24 (25) XL:     11   Next: 5%
Magic:  10/10      EV:  2    Int:  3 (4)  God:    Trog [*****.]
Gold:   149        SH:  0    Dex:  9 (11) Spells: 10/10 levels left

rFire   . . .      SeeInvis .   a - +2 scimitar (flame)
rCold   + . .      Faith    .   (no shield)
rNeg    . . .      Spirit   .   b - +2 ring mail {rC+}
rPois   .          Reflect  .   (helmet restricted)
rElec   .          Harm     .   (no cloak)
rCorr   .          Rampage  .   (no gloves)
Will    .....      NoTele   +   (no boots)
Stlth   ..........              k - amulet of invisibility {+Inv}
HPRegen 0.38/turn               (no ring)
MPRegen 0.12/turn               (no ring)

@: paralysed, berserking, very slightly contaminated, slowed, invisible, unable
to read
A: horns 2, retaliatory headbutt, large bone plates 1, deformed body, inability
to read while threatened
a: Renounce Religion, Evoke Invisibility, Berserk, Trog's Hand, Brothers in Arms


You were in the Dungeon.
You worshipped Trog.
Trog was extremely pleased with you.
You visited 1 branch You collected 422 gold pieces.
You spent 273 gold pieces at shops.

Inventory:

Hand Weapons
 a - a +2 scimitar of flaming (weapon)
Missiles
 h - 3 curare-tipped darts (quivered)
Armour
 b - a +2 ring mail of cold resistance (worn)
Jewellery
 k - the amulet of invisibility (around neck) {+Inv}
   (You found it in the Dungeon)

   [amulet of nothing]

   +Inv:      It lets you turn invisible.
Wands
 m - a wand of iceblast (13)
Scrolls
 j - a scroll of enchant armour
 l - a scroll of acquirement {unknown}
 o - a scroll of fog {unknown}
Potions
 c - a potion of curing
 d - a potion of heal wounds
 e - a potion of haste
 f - 2 potions of magic
 g - a potion of berserk rage


   Skills:
 + Level 15.6 Fighting
 + Level 17.1 Long Blades
 + Level 6.1 Armour
 + Level 9.9 Dodging
 + Level 10.1 Stealth
 + Level 0.9 Shields
 + Level 11.5 Evocations


You had 10 spell levels left.
You didn't know any spells.
Your spell library was empty.

Dungeon Overview and Level Annotations

Branches:
Dungeon (1/1)

Altars:
Cheibriados
Dithmenos
Elyvilon
Gozag
Hepliaklqana
Kikubaaqudgha
Makhleb
Nemelex Xobeh
Okawaru
Qazlal
Ru
Sif Muna
Trog
Uskayaw
Vehumet
Wu Jian
Xom
Yredelemnul
Zin
The Shining One
Beogh
Jiyva
Lugonu

Shops:
D (([*::[=:


Innate Abilities, Weirdness & Mutations

You have a pair of horns on your head.
You reflexively headbutt those who attack you in melee.
You are partially covered in large bone plates. (SH +4)
Armour fits poorly on your strangely shaped body.
You sometimes lose the ability to read scrolls when taking damage.


Message History

The demonic crawler is severely wounded.
The demonic crawler hits you but does no damage.
The demonic crawler closely misses you. The demonic crawler misses you.
You carve the demonic crawler like a ham!!!
You burn the demonic crawler.
You kill the demonic crawler!
Trog accepts your kill. The hornet closely misses you.
Deactivating autopickup; reactivate with Ctrl-A.
You miss something. You headbutt something!!
Something hits you but does no damage. You block something's attack.
Something stings you but does no damage.
The hornet closely misses you.
You slice something!! You burn something. You headbutt something!
You can read scrolls again.
The hornet stings you!
You feel as though you will be slow longer.
Something hits you! x2; Something barely misses you.
You barely miss something. You headbutt something! The hornet stings you.
You suddenly lose the ability to move!
Something hits you!
You feel threatened and lose the ability to read scrolls!
You feel dopey. Something hits you!
You feel clumsy.
Something stings you but does no damage.
The hornet barely misses you. Something hits you!
* * * LOW HITPOINT WARNING * * *
You feel weakened. Something hits you.
* * * LOW HITPOINT WARNING * * *
Something stings you!
* * * LOW HITPOINT WARNING * * *
The hornet stings you but does no damage.
Something hits you!
* * * LOW HITPOINT WARNING * * *
You feel clumsy. Something hits you!
* * * LOW HITPOINT WARNING * * *
Something stings you!
You die...

#.....♣..♣..######♣♣♣♣
##'####'######.)'.....
#..#....'.......#♣..♣♣
#..#.[###.......#.♣♣..
######################
#.....................
#∩...................P
#∩..y................P
#∩..{@................
###########+##########
.... ......P ##......#
###...## #.... #....


You could see a hornet.

Vanquished Creatures
  A spriggan defender (D)
  A spriggan berserker (D)
  A spriggan druid (D)
  6 oklob plants (D)
  2 demonic crawlers (D)
  A queen bee (D)
  2 burning bushes (D)
  A hornet (D)
  A wandering mushroom (D)
  2 scorpions (D)
  4 killer bees (D)
  5 oklob saplings (D)
  6 spriggans (D)
  A river rat (D)
  A rat (D)
  A ballistomycete spore (D)
36 creatures vanquished.

Vanquished Creatures (collateral kills)
  Agnes (D)
  A spriggan (D)
  A hornet (D)
3 creatures vanquished.

Vanquished Creatures (others)
  A ballistomycete spore (D)
  A bush (D)
  4 fungi (D)
6 creatures vanquished.

Grand Total: 45 creatures vanquished

Notes
Turn   | Place    | Note
-------+----------+-------------------------------------------
     0 | D        | mhtbhm the Minotaur Berserker began the quest for the Orb.
     0 | D        | Reached XP level 1. HP: 19/19 MP: 0/0
    13 | D        | Reached skill level 4 in Long Blades
    13 | D        | Reached XP level 2. HP: 28/28 MP: 1/1
    62 | D        | Noticed an oklob sapling
    64 | D        | Killed an oklob sapling
    64 | D        | Reached ** piety under Trog
    65 | D        | Reached skill level 6 in Long Blades
    65 | D        | Reached XP level 3. HP: 37/37 MP: 2/2
   209 | D        | Noticed a scorpion
   209 | D        | Found the amulet of invisibility {+Inv}
   214 | D        | Killed a scorpion
   215 | D        | Reached skill level 7 in Long Blades
   215 | D        | Reached XP level 4. HP: 47/47 MP: 3/3
   302 | D        | Found an opulent altar of Gozag.
   302 | D        | Found a hazy altar of Hepliaklqana.
   302 | D        | Found a burning altar of Makhleb.
   302 | D        | Found a sparkling altar of Nemelex Xobeh.
   302 | D        | Found a snail-covered altar of Cheibriados.
   302 | D        | Found a sacrificial altar of Ru.
   302 | D        | Found a shimmering blue altar of Sif Muna.
   302 | D        | Found a shimmering altar of Xom.
   302 | D        | Found a basalt altar of Yredelemnul.
   303 | D        | Found a viscous altar of Jiyva.
   303 | D        | Found a bloodstained altar of Trog.
   303 | D        | Found an ornate altar of the Wu Jian Council.
   304 | D        | Found an iron altar of Okawaru.
   304 | D        | Found a shadowy altar of Dithmenos.
   304 | D        | Found a glowing silver altar of Zin.
   305 | D        | Found an ancient bone altar of Kikubaaqudgha.
   305 | D        | Found a hide-covered altar of Uskayaw.
   306 | D        | Found a stormy altar of Qazlal.
   306 | D        | Found a white marble altar of Elyvilon.
   306 | D        | Found a glowing golden altar of the Shining One.
   307 | D        | Found a corrupted altar of Lugonu.
   307 | D        | Found a radiant altar of Vehumet.
   314 | D        | Reached skill level 8 in Long Blades
   314 | D        | Reached XP level 5. HP: 56/56 MP: 1/4
   454 | D        | HP: 2/84 [oklob sapling wizard/splash of acid (28)]
   456 | D        | Reached skill level 9 in Long Blades
   456 | D        | Reached skill level 1 in Evocations
   757 | D        | Reached *** piety under Trog
   759 | D        | Reached skill level 5 in Armour
   759 | D        | Reached skill level 5 in Dodging
   761 | D        | Reached XP level 6. HP: 66/66 MP: 2/5
   779 | D        | Found Buvvohez's Book Shop.
   779 | D        | Found Yhonnauh's General Store.
   835 | D        | Reached skill level 10 in Long Blades
   835 | D        | Reached skill level 1 in Stealth
   876 | D        | Noticed a queen bee
   887 | D        | Killed a queen bee
   887 | D        | Reached **** piety under Trog
   888 | D        | Reached skill level 10 in Fighting
   888 | D        | Reached skill level 11 in Long Blades
   888 | D        | Reached XP level 7. HP: 73/73 MP: 4/6
   927 | D        | Noticed an oklob plant
   939 | D        | Killed an oklob plant
   939 | D        | Reached ***** piety under Trog
   940 | D        | Reached skill level 12 in Long Blades
   940 | D        | Reached skill level 5 in Evocations
   940 | D        | Reached XP level 8. HP: 81/83 MP: 7/7
  1057 | D        | Noticed a burning bush
  1066 | D        | Killed a burning bush
  1067 | D        | Reached skill level 13 in Long Blades
  1110 | D        | Noticed a burning bush
  1110 | D        | Noticed an oklob plant
  1111 | D        | Noticed a wandering mushroom
  1119 | D        | Killed a burning bush
  1310 | D        | Killed an oklob plant
  1311 | D        | Reached skill level 14 in Long Blades
  1311 | D        | Reached skill level 5 in Stealth
  1311 | D        | Reached XP level 9. HP: 92/92 MP: 6/8
  1471 | D        | Noticed a spriggan druid
  1479 | D        | Killed a spriggan druid
  1530 | D        | Noticed an oklob plant conjurer
  1533 | D        | Killed an oklob plant conjurer
  1728 | D        | Noticed an oklob plant
  1728 | D        | Noticed an oklob plant summoner
  1729 | D        | Noticed an oklob plant shifter
  1738 | D        | Killed an oklob plant
  1738 | D        | Received a gift from Trog
  1739 | D        | Reached skill level 15 in Long Blades
  1744 | D        | Killed an oklob plant summoner
  1901 | D        | Killed an oklob plant shifter
  1910 | D        | Noticed a spriggan rider
  1919 | D        | Noticed Agnes
  1925 | D        | Killed Agnes
  1926 | D        | Reached skill level 16 in Long Blades
  1926 | D        | Reached skill level 10 in Evocations
  1926 | D        | Reached XP level 10. HP: 103/103 MP: 9/9
  1932 | D        | Killed a spriggan rider
  1932 | D        | Received a gift from Trog
  2123 | D        | Gained mutation: You are somewhat resistant to further
                  | mutation. [potion of mutation]
  2123 | D        | Gained mutation: Your spells are a little harder to cast,
                  | but a little more powerful. [potion of mutation]
  2124 | D        | Lost mutation: You are somewhat resistant to further
                  | mutation. [potion of mutation]
  2124 | D        | Lost mutation: Your spells are a little harder to cast, but
                  | a little more powerful. [potion of mutation]
  2124 | D        | Gained mutation: You are partially covered in large bone
                  | plates. (SH +4) [potion of mutation]
  2124 | D        | Gained mutation: You sometimes lose the ability to read
                  | scrolls when taking damage. [potion of mutation]
  2124 | D        | Gained mutation: Armour fits poorly on your strangely
                  | shaped body. [potion of mutation]
  2203 | D        | Noticed a spriggan rider
  2226 | D        | Found Antiunao's Jewellery Emporium.
  2463 | D        | Found Ywext's Book Shoppe.
  2564 | D        | Found Coerod's Book Emporium.
  2564 | D        | Noticed a spriggan berserker
  2577 | D        | Killed a spriggan berserker
  2578 | D        | Reached skill level 15 in Fighting
  2911 | D        | Found Zapul's Armour Shoppe.
  2916 | D        | Noticed a spriggan defender
  2924 | D        | Killed a spriggan defender
  2925 | D        | Reached skill level 17 in Long Blades
  2925 | D        | Reached skill level 10 in Stealth
  2925 | D        | Reached XP level 11. HP: 113/113 MP: 10/10
  2966 | D        | Bought a +2 ring mail of cold resistance for 273 gold
                  | pieces
  3067 | D        | Found Midghur's Antique Armour Emporium.
  3067 | D        | Found Hukhlec's Antique Weapon Boutique.
  3067 | D        | Found Ijejorch's Antique Weapon Shoppe.
  3077 | D        | Paralysed by a hornet for 2 turns
  3079 | D        | HP: 5/169 [something (14)]
  3079 | D        | Slain by a ghost moth

Illustrated notes

Levels and vault maps discovered:
D:        dungeon_sprint_fedhas [sprint_temple]

Skill      XL: |  1  2  3  4  5  6  7  8  9 10 |
---------------+-------------------------------+-----
Fighting       | 4 6 7 8 9 10 11 12 14 15 | 15.6
Long Blades    | 4 6 7 8 9 11 12 14 16 17 | 17.1
Armour         | 3 4 5 6 |  6.1
Dodging        | 3 4 5 6 7 8 9 |  9.9
Evocations     | 2 4 5 7 10 11 | 11.5
Stealth        | 2 3 5 8 10 | 10.1
Shields        | |  0.9

Action                   |  1- 3 |  4- 6 |  7- 9 | 10-12 || total
-------------------------+-------+-------+-------+-------++-------
Melee: Falchion          |    12 |    25 |    65 |       ||   102
       Headbutt          |     1 |     7 |    23 |     8 ||    39
       Scimitar          |       |       |       |    37 ||    37
Invok: Berserk           |     3 |     4 |     7 |     6 ||    20
       Brothers in Arms  |       |       |     1 |     1 ||     2
 Abil: Evoke Invisibilit |       |     5 |     4 |     1 ||    10
Evoke: Wand              |       |       |       |     2 ||     2
  Use: Scroll            |       |       |     1 |     2 ||     3
       Potion            |       |       |       |     2 ||     2
 Stab: Invisible         |       |     3 |     5 |       ||     8
       Sleeping          |       |     1 |     1 |       ||     2
Armor: Animal skin       |       |     2 |     1 |     1 ||     4
       Ring mail         |       |       |       |     7 ||     7
Dodge: Dodged            |     2 |     9 |    16 |    19 ||    46
Block: Other             |       |       |       |     4 ||     4

Table legend: (Time is in decaauts)
 A = Elapsed time spent in this place.
 B = Non-inter-level travel time spent in this place.
 C = Inter-level travel time spent in this place.
 D = Time resting spent in this place.
 E = Time spent auto-exploring this place.
 F = Levels seen in this place.
 G = Mean time per level.
                   A        B        C        D        E       F      G
               +--------+--------+--------+--------+--------+-----+--------+
         Total |   3225 |   3225 |      0 |   2589 |      0 |   1 | 3225.0 |
       Dungeon |   3225 |   3225 |      0 |   2589 |      0 |   1 | 3225.0 |
               +--------+--------+--------+--------+--------+-----+--------+

Top non-repeatable levels by time:
       D: 3225 daAuts
